 Dungeon Crawl Stone Soup version 0.25.1-2-g60ff931df9 (webtiles) character file.

Game seed: 6460022950311995471

4844 Curus the Basher (level 10, -6/77 HPs)
             Began as a Minotaur Abyssal Knight on Aug 31, 2020.
             Was an Elder of Lugonu.
             Mangled by an eight-headed hydra (9 damage)
             ... on level 9 of the Dungeon.
             The game lasted 00:47:01 (8571 turns).

Curus the Basher (Minotaur Abyssal Knight)          Turns: 8571, Time: 00:47:02

Health: -6/77      AC: 11    Str: 22    XL:     10   Next: 25%
Magic:  8/16       EV:  7    Int:  7    God:    Lugonu [****..]
Gold:   5          SH: 11    Dex: 19    Spells: 9/9 levels left

rFire    . . .     SeeInvis .   y - +1 morningstar (holy)
rCold    . . .     Gourm    .   i - +2 buckler
rNeg     . . .     Faith    .   h - +0 chain mail
rPois    +         Spirit   .   (helmet restricted)
rElec    .         Reflect  +   (no cloak)
rCorr    .         Harm     .   u - +2 pair of gloves {Str+3}
MR       .....                  (no boots)
Stlth    ..........             n - amulet of reflection
HPRegen  0.22/turn              d - +6 ring of dexterity
MPRegen  0.15/turn              A - ring of poison resistance

@: no status effects
A: retaliatory headbutt, horns 2, talons 1, dopey 1, strong 1
a: Depart the Abyss, Bend Space, Banish, Corrupt, Renounce Religion


You were on level 9 of the Dungeon.
You worshipped Lugonu.
Lugonu was greatly pleased with you.
You were hungry.

You visited 1 branch of the dungeon, and saw 9 of its levels.
You visited the Abyss 1 time.

You collected 461 gold pieces.
You spent 456 gold pieces at shops.

Inventory:

Hand Weapons
 a - a +3 mace
 y - a +1 morningstar of holy wrath (weapon)
Armour
 b - a +0 leather armour
 e - a +1 pair of gloves
 g - a +0 ring mail
 h - a +0 chain mail (worn)
 i - a +2 buckler (worn)
 u - a +2 pair of gloves of strength (worn)
 x - a +2 leather armour of poison resistance
Jewellery
 d - a +6 ring of dexterity (left hand)
 k - an uncursed amulet of guardian spirit
 n - an amulet of reflection (around neck)
 A - a ring of poison resistance (right hand)
Wands
 o - a wand of disintegration (18)
 t - a wand of paralysis (8)
 w - a wand of acid (7)
Scrolls
 f - 6 scrolls of identify
 j - 2 scrolls of magic mapping
 l - 5 scrolls of teleportation
 p - 2 scrolls of random uselessness
 r - 3 scrolls of remove curse
 s - 4 scrolls of amnesia
 z - a scroll of enchant weapon
 B - a scroll of blinking
Potions
 m - a potion of haste
Comestibles
 c - 16 rations
 v - 5 chunks of flesh


   Skills:
 - Level 3.6 Fighting
 * Level 13.4 Maces & Flails
 - Level 2.4 Armour
 - Level 1.1 Dodging
 + Level 10.0 Invocations


You had 9 spell levels left.
You didn't know any spells.
Your spell library contained the following spells:

 Spells                   Type           Power        Failure   Level  Hunger
 Beastly Appendage        Tmut           #.....       100%        1    ##.....
 Corona                   Hex            #......      100%        1    ##.....
 Sting                    Tmut/Pois      #...         100%        1    ##.....
 Ensorcelled Hibernation  Hex/Ice        #.....       100%        2    ###....
 Poisonous Vapours        Pois/Air       #.....       100%        2    ###....
 Sticks to Snakes         Tmut           #.......     100%        2    ###....
 Confusing Touch          Hex            #.......     100%        3    ####...
 Dazzling Flash           Conj/Hex       #.....       100%        3    ####...
 Ignite Poison            Fire/Tmut/Pois #.......     100%        3    ####...
 Spider Form              Tmut/Pois      #.........   100%        3    ####...
 Tukima's Dance           Hex            #.......     100%        3    ####...
 Hailstorm                Conj/Ice       #.......     100%        4    #####..
 Ice Form                 Ice/Tmut       #.......     100%        4    #####..
 Blade Hands              Tmut           #.........   100%        5    ######.
 Eringya's Noxious Bog    Tmut/Pois      #.........   100%        6    #######


Dungeon Overview and Level Annotations

Branches:
Dungeon (9/15)             Temple (0/1) D:7
   Lair: D:8-11         Orc: D:9-12

Altars:
Ashenzari
Cheibriados
Dithmenos
Hepliaklqana
Kikubaaqudgha
Makhleb
Okawaru
Trog
Uskayaw
Wu Jian
Xom
Yredelemnul
Zin
The Shining One

Shops:
D:4 %%*   D:7 %   D:9 ?


Innate Abilities, Weirdness & Mutations

You reflexively headbutt those who attack you in melee.
You have a pair of horns on your head.
You have sharp toenails.
You are dopey. (Int -2)
Your muscles are strong. (Str +2)


Message History

The bolt of acid misses the eight-headed hydra.
Evoke which item? (* to show all) (? for menu, Esc to quit)
Aiming: Corrosive Bolt
Press: ? - help, Shift-Dir - straight line, f/p - eight-headed hydra
Aim: an eight-headed hydra (moderately wounded)
The bolt of acid hits the eight-headed hydra!
The eight-headed hydra is splashed with acid.
The eight-headed hydra is severely wounded.
Press: ? - help, Shift-Dir - straight line, f/p - eight-headed hydra
Aim: an eight-headed hydra (severely wounded, chance to defeat MR: 58%)
The eight-headed hydra resists with significant effort.
You are feeling hungry.
You can no longer gate yourself to the Abyss.
You hit the eight-headed hydra. You claw the eight-headed hydra.
The eight-headed hydra is severely wounded.
The eight-headed hydra bites you but does no damage.
The eight-headed hydra bites you.
* * * LOW HITPOINT WARNING * * *
The eight-headed hydra bites you!
You die...

#...# ##. #...# #.
#...' #. #...# ##. ####
#...# #.. ##...###...#
#.# ##.....##...#
######.#
#.......#...####..)...#
#.....@D'))†##.....)###
#.......#)..##....^##
##.....##...#......#
##...###........###
#### ##########


You could see an eight-headed hydra.

Vanquished Creatures
  Erica (D:8)
  A two-headed ogre (D:9)
  A hippogriff (D:9)
  A wyvern (D:9)
  Eustachio (D:6)
  A hungry ghost (D:9)
  2 orc warriors
  3 ice beasts
  A necrophage (D:9)
  A phantom (D:4)
  A centaur (D:9)
  An ogre (D:3)
  6 bullfrogs
  A gnoll sergeant (D:9)
  A wyvern skeleton (D:6)
  A scorpion (D:6)
  A wight (D:9)
  3 howler monkeys
  8 crimson imps
  6 hounds
  4 orc priests
  A bullfrog skeleton (D:6)
  2 jellies
  A centaur skeleton (D:9)
  8 orc wizards
  An iguana (D:9)
  5 worker ants
  A hound zombie (D:8)
  2 hound skeletons
  A howler monkey zombie (D:5)
  11 adders
  11 gnolls
  A shadow imp (D:6)
  An ooze (D:1)
  An adder zombie (D:5)
  2 adder skeletons
  3 worms
  A dart slug (D:3)
  4 leopard geckos
  26 orcs
  7 giant cockroaches
  6 goblins
  10 hobgoblins
  18 jackals
  9 kobolds
  3 quokkas
  A ball python (D:3)
  9 bats
  4 frilled lizards
  A giant cockroach zombie (D:5)
  A leopard gecko zombie (D:8)
  5 rats
203 creatures vanquished.

Notes
Turn   | Place    | Note
-------+----------+-------------------------------------------
     0 | Abyss:1  | Curus the Minotaur Abyssal Knight began the quest for the
                  | Orb.
     0 | Abyss:1  | Reached XP level 1. HP: 19/19 MP: 1/1
    14 | D:1      | Escaped the Abyss
    93 | D:1      | Reached skill level 3 in Maces & Flails
    93 | D:1      | Reached XP level 2. HP: 24/26 MP: 2/2
   743 | D:2      | Reached ** piety under Lugonu
   743 | D:2      | Reached XP level 3. HP: 30/31 MP: 4/4
   744 | D:2      | Found a shadowy altar of Dithmenos.
   851 | D:2      | Found a bloodstained altar of Trog.
  1284 | D:2      | Reached skill level 4 in Maces & Flails
  1447 | D:2      | Reached XP level 4. HP: 39/39 MP: 5/5
  1456 | D:2      | Found a shattered altar of Ashenzari.
  1657 | D:3      | Reached XP level 5. HP: 24/45 MP: 6/6
  1916 | D:3      | Noticed an ogre
  2040 | D:3      | Reached skill level 5 in Maces & Flails
  2059 | D:3      | Found a shimmering altar of Xom.
  2306 | D:3      | Reached XP level 6. HP: 51/51 MP: 8/8
  2328 | D:3      | Found a hide-covered altar of Uskayaw.
  2345 | D:3      | Reached *** piety under Lugonu
  2364 | D:3      | Noticed a +0 dagger
  2364 | D:3      | Noticed a +0 hand axe
  2389 | D:3      | Reached skill level 6 in Maces & Flails
  2389 | D:3      | Reached skill level 5 in Invocations
  2605 | D:3      | Found a snail-covered altar of Cheibriados.
  2980 | D:3      | Found a glowing golden altar of the Shining One.
  3031 | D:4      | Found Noipuggo's Food Emporium.
  3034 | D:4      | Found Lumiwon's Food Boutique.
  3072 | D:4      | Found Ruhiy's Food Emporium.
  3177 | D:4      | Found Ubbod's Assorted Antiques.
  3201 | D:4      | Bought 2 puce potions for 54 gold pieces
  3201 | D:4      | Bought a blackened fluorescent amulet for 150 gold pieces
  3252 | D:4      | Reached XP level 7. HP: 56/57 MP: 8/10
  3411 | D:4      | Found an ancient bone altar of Kikubaaqudgha.
  3424 | D:4      | Reached skill level 7 in Maces & Flails
  4180 | D:4      | Gained mutation: Scrolls take you a little longer to read.
                  | [potion of mutation]
  4180 | D:4      | Gained mutation: Your flesh is cold resistant. (rC+)
                  | [potion of mutation]
  4180 | D:4      | Gained mutation: You have sharp toenails. [potion of
                  | mutation]
  4180 | D:4      | Gained mutation: You have a pair of large horns on your
                  | head. [potion of mutation]
  4291 | D:5      | Entered Level 5 of the Dungeon
  5017 | D:5      | Found a burning altar of Makhleb.
  5634 | D:6      | Found a glowing silver altar of Zin.
  5641 | D:6      | Reached skill level 8 in Maces & Flails
  5663 | D:6      | Noticed Eustachio
  5670 | D:6      | Identified the Papyrus of the Toxic Frostbite
  5724 | D:6      | Killed Eustachio
  5724 | D:6      | Reached XP level 8. HP: 52/64 MP: 10/12
  6060 | D:6      | Reached skill level 9 in Maces & Flails
  6562 | D:7      | Found a staircase to the Ecumenical Temple.
  6580 | D:6      | Lost mutation: You have a pair of large horns on your head.
                  | [potion of mutation]
  6580 | D:6      | Lost mutation: Scrolls take you a little longer to read.
                  | [potion of mutation]
  6580 | D:6      | Lost mutation: Your flesh is cold resistant. (rC+) [potion
                  | of mutation]
  6580 | D:6      | Gained mutation: You are dopey. (Int -2) [potion of
                  | mutation]
  6580 | D:6      | Gained mutation: Your muscles are strong. (Str +2) [potion
                  | of mutation]
  6683 | D:7      | Reached **** piety under Lugonu
  6684 | D:7      | Reached skill level 10 in Maces & Flails
  6785 | D:7      | Found Qienwang's Food Shoppe.
  7071 | D:7      | Found an ornate altar of the Wu Jian Council.
  7235 | D:8      | Reached XP level 9. HP: 58/70 MP: 14/14
  7443 | D:8      | Noticed Erica
  7465 | D:8      | Killed Erica
  7465 | D:8      | Reached skill level 11 in Maces & Flails
  8067 | D:9      | Found an iron altar of Okawaru.
  8084 | D:9      | Found a basalt altar of Yredelemnul.
  8156 | D:9      | Found Inatz's Magic Scroll Shoppe.
  8167 | D:9      | Reached skill level 12 in Maces & Flails
  8177 | D:9      | Bought a scroll of enchant weapon for 105 gold pieces
  8177 | D:9      | Bought a scroll of blinking for 105 gold pieces
  8177 | D:9      | Bought a scroll of teleportation for 42 gold pieces
  8202 | D:9      | Found a hazy altar of Hepliaklqana.
  8520 | D:9      | Noticed a two-headed ogre
  8527 | D:9      | Killed a two-headed ogre
  8527 | D:9      | Reached skill level 13 in Maces & Flails
  8527 | D:9      | Reached XP level 10. HP: 71/77 MP: 16/16
  8536 | D:9      | Reached ***** piety under Lugonu
  8542 | D:9      | Reached skill level 10 in Invocations
  8557 | D:9      | Noticed an eight-headed hydra
  8571 | D:9      | HP: 3/77 [eight-headed hydra (6)]
  8571 | D:9      | Mangled by an eight-headed hydra

Illustrated notes

Levels and vault maps discovered:
D:1:      roderic_chinese_lattice_arrival, layout_basic,
          hangedman_decor_clover_reticule, minivault_14,
          minmay_misc_feat_secret_circle
D:2:      minmay_inner_zag, layout_loops_ring, lemuel_crystal_altar,
          lemuel_crystal_altar, first_ration, ashenzari_altar_1
D:3:      layout_rooms, nicolae_tso_swordbearing_angel, kennysheep_slug_shrine,
          led_xom_imps, dancing_weapons_uskayaw
D:4:      layout_layer_cave, overflow_temple_1_default, serial_shops, shop,
          shop, shop, shop
D:5:      layout_loops_corners, lightli_temple_of_fire, minmay_crystal_water,
          chequers_serial_rivers_large_a
D:6:      layout_loops_ring, lemuel_doored_altar, uniq_eustachio
D:7:      layout_basic, minmay_temple_entry_wispy, basic_altar, serial_shops,
          shop
D:8:      layout_basic, uniq_erica
D:9:      minmay_opposing_rooms, layout_loops_ring, yredelemnul_altar_generic,
          kennysheep_mini, old_standard_altar, serial_shops, shop

Skill      XL: |  1  2  3  4  5  6  7  8  9 10 |
---------------+-------------------------------+-----
Invocations    | 2 3 4 5 6 8 9 10 | 10.0
Maces & Flails | 3 4 5 6 8 10 13 | 13.4
Fighting       | |  3.6
Armour         | |  2.4
Dodging        | |  1.1

Action                   |  1- 3 |  4- 6 |  7- 9 | 10-12 || total
-------------------------+-------+-------+-------+-------++-------
Melee: Mace              |    71 |   120 |   153 |       ||   344
       Headbutt          |    12 |    19 |    76 |     5 ||   112
       Kick              |       |       |   100 |    11 ||   111
       Morningstar       |       |       |   156 |    19 ||   175
Invok: Banish            |       |       |       |     2 ||     2
       Bend Space        |       |       |       |     1 ||     1
Evoke: Wand              |       |       |     1 |     4 ||     5
  Use: Scroll            |     5 |     7 |     4 |       ||    16
       Potion            |     2 |     4 |     5 |     1 ||    12
 Stab: Sleeping          |       |     1 |       |       ||     1
  Eat: Chunk             |     2 |     2 |    17 |       ||    21
       Ration            |       |     1 |       |       ||     1
Armor: Leather armour    |    18 |    10 |       |       ||    28
       Ring mail         |       |    26 |       |       ||    26
       Chain mail        |       |     8 |   133 |    11 ||   152
Dodge: Dodged            |    41 |    57 |    77 |     9 ||   184
Block: Buckler           |     3 |    12 |   123 |    20 ||   158
       Reflection        |       |       |     3 |       ||     3
